 Dungeon Crawl Stone Soup version 0.29-a0-553-g81b289dbe5 (webtiles) character file.

Game seed: 11470882753939134878

104 KristoblXynda the Ducker (level 4, -1/34 HPs)
             Began as a Vampire Gladiator on June 7, 2022.
             Slain by an iguana (5 damage)
             ... on level 3 of the Dungeon.
             The game lasted 00:02:09 (2035 turns).

KristoblXynda the Ducker (Vampire Gladiator)        Turns: 2035, Time: 00:02:10

Health: -1/34      AC:  5    Str: 15    XL:     4   Next: 52%
Magic:  0/4        EV: 13    Int: 10    God:
Gold:   83         SH:  0    Dex: 15    Spells: 3/3 levels left

rFire   . . .      SeeInvis +   a - +0 long sword
rCold   . . .      Faith    .   (no shield)
rNeg    . . .      Spirit   +   b - +0 leather armour
rPois   .          Reflect  .   c - +0 helmet
rElec   .          Harm     .   (no cloak)
rCorr   .          Rampage  .   (no gloves)
Will    .....                   l - +0 pair of boots
Stlth   +.........              i - amulet of guardian spirit
HPRegen 0.31/turn               (no ring)
MPRegen 0.09/turn               (no ring)

@: healing quickly
A: alive, fangs 3, see invisible, vampiric 2
a: Exsanguinate


You were on level 3 of the Dungeon.
You visited 1 branch of the dungeon, and saw 3 of its levels.

You collected 83 gold pieces.

Inventory:

Hand Weapons
 a - a +0 long sword (weapon)
 k - a +0 scimitar
Missiles
 d - 3 throwing nets (quivered)
 e - a javelin
Armour
 b - a +0 leather armour (worn)
 c - a +0 helmet (worn)
 l - a +0 pair of boots (worn)
Jewellery
 i - an amulet of guardian spirit (around neck)
Wands
 o - a wand of iceblast (15)
Scrolls
 f - 2 scrolls of vulnerability {unknown}
 h - a scroll of brand weapon {unknown}
 j - a scroll of noise {unknown}
 m - 2 scrolls of identify {unknown}
Potions
 g - a potion of heal wounds {unknown}
 n - a potion of attraction {unknown}


   Skills:
 + Level 2.4 Fighting
 + Level 3.7 Long Blades
 - Level 2.0 Throwing
 + Level 0.6 Armour
 + Level 4.3 Dodging


You had 3 spell levels left.
You didn't know any spells.
Your spell library contained the following spells:

 Spells                   Type           Power      Damage    Failure   Level
 Confusing Touch          Hex            0%         N/A       80%         3
 Yara's Violent Unravell  Hex/Tmut       0%         3d3       100%        5
 Enfeeble                 Hex            0%         N/A       100%        7


Dungeon Overview and Level Annotations

Branches:
Dungeon (3/15)

Altars:

Shops:
D:1 ?


Innate Abilities, Weirdness & Mutations

Your natural rate of healing is accelerated.
You have razor-sharp teeth.
You have supernaturally acute eyesight. (SInv)
You are afflicted with vampirism and can become a bat while bloodless.


Message History

The iguana is lightly wounded.
The iguana closely misses you.
You closely miss the iguana.
The iguana is lightly wounded.
The iguana closely misses you.
You hit the iguana.
The iguana is lightly wounded.
The iguana barely misses you.
You closely miss the iguana. You bite the iguana.
The iguana is moderately wounded.
The iguana completely misses you. The iguana barely misses you.
You hit the iguana but do no damage.
The iguana is moderately wounded.
The iguana bites you but does no damage.
You hit the iguana.
The iguana is moderately wounded.
The iguana bites you but does no damage.
You hit the iguana but do no damage.
The iguana is moderately wounded.
The iguana bites you!
You closely miss the iguana. You bite the iguana.
The iguana is heavily wounded.
The iguana barely misses you. The iguana bites you.
You hit the iguana but do no damage.
The iguana is heavily wounded.
The iguana bites you.
You hit the iguana.
The iguana is almost dead.
The iguana misses you.
You barely miss the iguana.
The iguana is almost dead.
The iguana closely misses you.
You barely miss the iguana.
The iguana is almost dead.
The iguana bites you! x2
* * * LOW HITPOINT WARNING * * *
You hit the iguana.
The iguana is almost dead.
The iguana bites you.
You die...

# #.##########
##..........#
#.....)..##.#
#.###.###.##.#
#.....#)##l#
#.#.###.#.##@#
#.#..)..#.##.#
#.#.###.#.##.#
#.#.....#.##.#
..###.###.##.########
#........# ########.#
#.# #.#


You could see an iguana.

Vanquished Creatures
  Jessica (D:2)
  A gnoll (D:1)
  A worm (D:3)
  3 dart slugs
  An orc (D:3)
  7 ball pythons
  3 bats
  5 endoplasms
  8 goblins
  9 hobgoblins
  3 frilled lizards
  7 kobolds
  7 rats
56 creatures vanquished.

Notes
Turn   | Place    | Note
-------+----------+-------------------------------------------
     0 | D:1      | KristoblXynda the Vampire Gladiator began the quest for the
                  | Orb.
     0 | D:1      | Reached XP level 1. HP: 16/16 MP: 1/1
   118 | D:1      | Reached XP level 2. HP: 20/22 MP: 2/2
   328 | D:1      | Gained mutation: You are afflicted with vampirism and can
                  | become a bat while bloodless. [Vampire growth]
   328 | D:1      | Reached XP level 3. HP: 27/27 MP: 3/3
   341 | D:1      | Reached skill level 4 in Dodging
   544 | D:1      | Found Soateuk's Magic Scroll Emporium.
  1262 | D:2      | Noticed Jessica
  1276 | D:2      | Killed Jessica
  1277 | D:2      | Reached XP level 4. HP: 30/34 MP: 4/4
  1898 | D:3      | Found a faded altar of an unknown god.
  2035 | D:3      | Slain by an iguana

Illustrated notes

Levels and vault maps discovered:
D:1:      dpeg_arrival_morbid_curiosity, layout_basic, serial_shops,
          nicolae_shop_statue_plus
D:2:      layout_loops_corners, chequers_serial_rivers_small_3, uniq_jessica
D:3:      layout_loops_ring, ebering_ecumenical_altar_hall, minmay_checkerbox

Skill      XL: |  1  2  3 |
---------------+----------+-----
Fighting       | 2 |  2.4
Dodging        | 4 |  4.3
Throwing       | 2 |  2.0
Long Blades    | |  3.7
Armour         | |  0.6

Action                   |  1- 3 |  4- 6 || total
-------------------------+-------+-------++-------
Melee: Long sword        |   122 |    51 ||   173
       Bite              |     8 |     5 ||    13
       Punch             |     2 |     1 ||     3
 Stab: Sleeping          |     1 |     2 ||     3
Armor: Leather armour    |    28 |    10 ||    38
Dodge: Dodged            |    94 |    40 ||   134

Table legend: (Time is in decaauts)
 A = Elapsed time spent in this place.
 B = Non-inter-level travel time spent in this place.
 C = Inter-level travel time spent in this place.
 D = Time resting spent in this place.
 E = Time spent auto-exploring this place.
 F = Levels seen in this place.
 G = Mean time per level.
                   A        B        C        D        E       F      G
               +--------+--------+--------+--------+--------+-----+--------+
         Total |   2077 |   1949 |    128 |    108 |   1414 |   3 |  692.3 |
       Dungeon |   2077 |   1949 |    128 |    108 |   1414 |   3 |  692.3 |
               +--------+--------+--------+--------+--------+-----+--------+

Top non-repeatable levels by time:
     D:1: 946 daAuts
     D:2: 895 daAuts
     D:3: 235 daAuts
